 Dungeon Sprint DCSS version 0.23-a0-690-g0a1fc62 (webtiles) character file.

3218 galech the Cleaver (level 9, 0/76 HPs)
             Began as a Demonspawn Fighter on Jan 11, 2019.
             Was an Elder of Okawaru.
             Slain by a 13-headed hydra (9 damage)
             ... in the Dungeon (Sprint IX: "|||||||||||||||||||||||||||||").
             The game lasted 00:03:05 (1020 turns).

galech the Cleaver (Demonspawn Fighter)             Turns: 1020, Time: 00:03:05

Health: 0/76       AC: 23    Str: 16    XL:     9   Next: 65%
Magic:  6/8        EV: 18    Int: 10    God:    Okawaru [****..]
Gold:   0          SH: 14    Dex: 16    Spells: 8/8 levels left

rFire    . . .     SeeInvis +   p - +3 war axe (freeze)
rCold    . . .     Gourm    .   c - +0 shield
rNeg     . . .     Faith    .   r - +1 scale mail
rPois    .         Spirit   .   (helmet restricted)
rElec    .         Reflect  .   q - +0 cloak
rCorr    .         Harm     .   (no gloves)
MR       .....     NoTele   +   (no boots)
Stlth    ++........             (no amulet)
HPRegen  0.22/turn              s - +2 ring of protection
MPRegen  0.11/turn              t - +2 ring of evasion

@: heroism, sanguine armour
A: horns 1, see invisible, demonic guardian 2, low mp 1, spiny 2, subdued magic
1, MP-powered wands, sanguine armour 2
a: Heroism, Renounce Religion


You were in the Dungeon.
You worshipped Okawaru.
Okawaru was greatly pleased with you.
You were hungry.

You visited 1 branch

Inventory:

Hand Weapons
 p - a +3 war axe of freezing (weapon)
Armour
 c - a +0 shield (worn)
 q - a +0 cloak (worn)
 r - a +1 scale mail (worn)
Jewellery
 s - a +2 ring of protection (left hand)
 t - a +2 ring of evasion (right hand)
Wands
 o - a wand of acid (10)
Scrolls
 j - a scroll of identify
 k - 4 scrolls of blinking
 l - 2 scrolls of fear
 m - 3 scrolls of remove curse
 n - 2 scrolls of amnesia
Potions
 a - a potion of agility
 b - a potion of resistance
 e - 5 potions of curing
 g - 7 potions of heal wounds
 h - a potion of haste
 i - 4 potions of magic
Comestibles
 f - a ration


   Skills:
 + Level 9.2(14.2) Fighting
 + Level 12.2(17.2) Axes
 + Level 9.7(14.7) Armour
 + Level 5.1(10.1) Dodging
 + Level 1.7(6.7) Stealth
 + Level 10.4(15.4) Shields


You had 8 spell levels left.
You didn't know any spells.
Your spell library was empty.

Dungeon Overview and Level Annotations

Branches:
Dungeon (1/1)

Altars:
Cheibriados
Dithmenos
Elyvilon
Fedhas
Gozag
Hepliaklqana
Kikubaaqudgha
Makhleb
Nemelex Xobeh
Okawaru
Qazlal
Ru
Sif Muna
Trog
Uskayaw
Vehumet
Wu Jian
Xom
Yredelemnul
Zin
The Shining One
Beogh
Jiyva
Lugonu


Innate Abilities, Weirdness & Mutations

You have a pair of small horns on your head.
A demonic guardian rushes to your aid.
You are mostly covered in sharp spines.
When seriously injured, your bleeding wounds create thick armour. (AC +9)
You have supernaturally acute eyesight. (SInv)
Your magical capacity is low. (-10% MP)
Your spells are a little easier to cast, but a little less powerful.
You expend magic power (3 MP) to strengthen your wands.


Message History

The 12-headed hydra seems to slow down.
You freeze the 12-headed hydra. You headbutt the 12-headed hydra.
The 12-headed hydra is severely wounded.
You chop one of the 12-headed hydra's heads off!
The 11-headed hydra grows two more!
You hit the 13-headed hydra.
The 13-headed hydra seems to slow down.
You freeze the 13-headed hydra.
The 13-headed hydra is severely wounded.
You block the 13-headed hydra's attack. x2
The 13-headed hydra barely misses you.
The 13-headed hydra bites you but does no damage.
The 13-headed hydra bites you!
* * * LOW HITPOINT WARNING * * *
The 13-headed hydra misses you.
The 13-headed hydra completely misses you.
The 13-headed hydra bites you!
* * * LOW HITPOINT WARNING * * *
The 13-headed hydra bites you.
* * * LOW HITPOINT WARNING * * *
The 13-headed hydra closely misses you. The 13-headed hydra bites you!
You die...

▓r▓.▓)▓
▓h▓.▓.▓
▓.▓.▓.▓
▓h▓.▓.▓
▓.▓t▓)▓
▓.▓h▓.▓
▓.▓r▓.▓
▓=▓D▓.▓
▓[▓@▓.▓
▓(▓4▓.▓
▓t▓.▓'▓
▓.▓.▓_▓
▓.▓.▓_▓
▓.▓.▓_▓
▓.▓.▓_▓
▓'▓.▓_▓
▓.▓.▓_▓


You could see a 13-headed hydra, a crocodile, a wolf, a porcupine and a friendly
ice devil.

Vanquished Creatures
  A two-headed ogre (D)
  A black mamba (D)
  2 hornets (D)
  3 hippogriffs (D)
  A yak (D)
  2 water moccasins (D)
  A porcupine (D)
  A black bear (D)
  A phantom (D)
  A sky beast (D)
  An ogre (D)
  A centaur (D)
  A crocodile (D)
  2 bullfrogs (D)
  A hound (D)
  An adder (D)
  An orc (D)
  A bat (D)
  A bat skeleton (D)
  A giant cockroach (D)
  A hobgoblin (D)
  A kobold (D)
  A ball python skeleton (D)
  A rat (D)
29 creatures vanquished.

Vanquished Creatures (collateral kills)
  A komodo dragon (D)
  A water moccasin (D)
2 creatures vanquished.

Vanquished Creatures (others)
  A manticore (D)
  A bat zombie (D)
2 creatures vanquished.

Grand Total: 33 creatures vanquished

Notes
Turn   | Place    | Note
-------+----------+-------------------------------------------
     0 | D        | galech the Demonspawn Fighter began the quest for the Orb.
     0 | D        | Reached XP level 1. HP: 18/18 MP: 1/1
    12 | D        | Reached skill level 2 in Axes
    18 | D        | Noticed a hound
    18 | D        | Noticed an ogre
    18 | D        | Noticed a phantom
    32 | D        | Killed a hound
    32 | D        | Gained mutation: You are partially covered in sharp spines.
                  | [demonic ancestry]
    32 | D        | Reached XP level 2. HP: 10/26 MP: 2/2
    32 | D        | Gained mutation: When seriously injured, your bleeding
                  | wounds create armour. (AC +9) [demonic ancestry]
    32 | D        | Reached XP level 3. HP: 12/31 MP: 3/3
    35 | D        | Killed an ogre
    35 | D        | Reached skill level 5 in Fighting
    35 | D        | Reached skill level 4 in Axes
    35 | D        | Reached skill level 5 in Armour
    35 | D        | Reached skill level 5 in Shields
    35 | D        | Gained mutation: When seriously injured, your bleeding
                  | wounds create thick armour. (AC +9) [demonic ancestry]
    35 | D        | Reached XP level 4. HP: 10/39 MP: 4/4
    38 | D        | Reached skill level 1 in Dodging
    45 | D        | Found a roughly hewn altar of Beogh.
    45 | D        | Found a snail-covered altar of Cheibriados.
    45 | D        | Found a shadowy altar of Dithmenos.
    45 | D        | Found a white marble altar of Elyvilon.
    45 | D        | Found a blossoming altar of Fedhas.
    45 | D        | Found an opulent altar of Gozag.
    46 | D        | Found a hazy altar of Hepliaklqana.
    73 | D        | Killed a phantom
    73 | D        | Reached skill level 5 in Axes
    73 | D        | Gained mutation: A weak demonic guardian rushes to your
                  | aid. [demonic ancestry]
    73 | D        | Reached XP level 5. HP: 18/46 MP: 5/5
   179 | D        | Found a viscous altar of Jiyva.
   180 | D        | Found an ancient bone altar of Kikubaaqudgha.
   181 | D        | Found a corrupted altar of Lugonu.
   182 | D        | Found a burning altar of Makhleb.
   183 | D        | Found a sparkling altar of Nemelex Xobeh.
   184 | D        | Found an iron altar of Okawaru.
   185 | D        | Found a stormy altar of Qazlal.
   186 | D        | Found a sacrificial altar of Ru.
   187 | D        | Found a deep blue altar of Sif Muna.
   188 | D        | Found a bloodstained altar of Trog.
   189 | D        | Found a hide-covered altar of Uskayaw.
   190 | D        | Found a radiant altar of Vehumet.
   191 | D        | Found an ornate altar of the Wu Jian Council.
   192 | D        | Became a worshipper of Warmaster Okawaru
   193 | D        | Found a shimmering altar of Xom.
   194 | D        | Found a basalt altar of Yredelemnul.
   195 | D        | Found a glowing silver altar of Zin.
   196 | D        | Found a glowing golden altar of the Shining One.
   236 | D        | Noticed a hornet
   236 | D        | Noticed a yak
   236 | D        | Noticed a hippogriff
   236 | D        | Noticed a sky beast
   239 | D        | Killed a hornet
   239 | D        | Reached * piety under Okawaru
   239 | D        | Reached skill level 7 in Axes
   239 | D        | Gained mutation: A demonic guardian rushes to your aid.
                  | [demonic ancestry]
   239 | D        | Reached XP level 6. HP: 55/55 MP: 6/6
   243 | D        | Killed a yak
   243 | D        | Gained mutation: You have a pair of small horns on your
                  | head. [demonic ancestry]
   243 | D        | Reached XP level 7. HP: 61/61 MP: 7/7
   254 | D        | Killed a hippogriff
   254 | D        | Reached skill level 8 in Axes
   263 | D        | Reached ** piety under Okawaru
   397 | D        | Noticed a two-headed ogre
   397 | D        | Noticed a manticore
   397 | D        | Noticed a hornet
   401 | D        | Killed a two-headed ogre
   401 | D        | Reached *** piety under Okawaru
   401 | D        | Reached skill level 9 in Axes
   401 | D        | Gained mutation: You are mostly covered in sharp spines.
                  | [demonic ancestry]
   401 | D        | Reached XP level 8. HP: 55/69 MP: 8/8
   405 | D        | Killed a manticore
   405 | D        | Reached skill level 10 in Axes
   414 | D        | Killed a hornet
   668 | D        | Gained mutation: Your magical capacity is low. (-10% MP)
                  | [potion of mutation]
   668 | D        | Gained mutation: Your spells are a little easier to cast,
                  | but a little less powerful. [potion of mutation]
   668 | D        | Gained mutation: You expend magic power (3 MP) to
                  | strengthen your wands. [potion of mutation]
   668 | D        | Gained mutation: You have supernaturally acute eyesight.
                  | (SInv) [potion of mutation]
   669 | D        | Noticed a black mamba
   669 | D        | Noticed a hippogriff
   679 | D        | Noticed a hippogriff
   682 | D        | Reached skill level 11 in Axes
   682 | D        | Reached XP level 9. HP: 61/75 MP: 8/8
   687 | D        | Reached skill level 1 in Stealth
   694 | D        | Killed a black mamba
   694 | D        | Reached **** piety under Okawaru
   697 | D        | Reached skill level 10 in Shields
   709 | D        | Reached skill level 12 in Axes
   947 | D        | Noticed a komodo dragon
   947 | D        | Noticed an eight-headed hydra
   950 | D        | Noticed a spiny frog
   951 | D        | Reached skill level 5 in Dodging
   957 | D        | Killed a komodo dragon
  1020 | D        | Slain by a 13-headed hydra

Vault maps used:
D:        linesprint

Skill      XL: |  1  2  3  4  5  6  7  8  9 |
---------------+----------------------------+-----
Armour         | 4 5 6 7 8 9 |  9.7
Shields        | 4 5 6 7 8 9 10 | 10.4
Axes           | 2 4 5 7 9 11 12 | 12.2
Fighting       | 4 5 6 7 8 9 |  9.2
Dodging        | 1 2 3 4 5 |  5.1
Stealth        | 1 |  1.7

Action                   |  1- 3 |  4- 6 |  7- 9 || total
-------------------------+-------+-------+-------++-------
Melee: War axe           |    24 |    18 |    85 ||   127
       Headbutt          |       |       |    23 ||    23
Invok: Heroism           |       |       |     1 ||     1
  Use: Potion            |     1 |     1 |     2 ||     4
 Stab: Invisible         |       |       |     1 ||     1
Armor: Scale mail        |    14 |    11 |    27 ||    52
Dodge: Dodged            |     6 |     7 |    55 ||    68
Block: Shield            |    15 |     9 |    64 ||    88

Table legend:
 A = Non-vault XP
 B = Vault XP
 C = Vault XP percentage of total XP
 D = Non-vault monster count
 E = Vault monster count
 F = Vault count percentage of total count
                 A         B        C        D         E       F
            +---------+---------+-------+---------+---------+-------
      Total |       0 |    4598 | 100.0 |       0 |      32 | 100.0
            +---------+---------+-------+---------+---------+-------
          D |       0 |    4598 | 100.0 |       0 |      32 | 100.0
            +---------+---------+-------+---------+---------+-------
